 Dungeon Crawl Stone Soup version 0.26-a0-651-gb41185065b (webtiles) character file.

Game seed: 1998860738401238171

3162 gbos the Protected (level 9, -1/68 HPs)
             Began as a Deep Dwarf Fighter on Oct 14, 2020.
             Was a Believer of Ru.
             Slain by a two-headed ogre
             ... wielding a +0 giant club
              (21 damage)
             ... on level 8 of the Dungeon.
             The game lasted 00:10:04 (4904 turns).

gbos the Protected (Deep Dwarf Fighter)             Turns: 4904, Time: 00:10:05

Health: -1/68      AC: 18    Str: 25    XL:     9   Next: 63%
Magic:  3/3        EV:  5    Int:  9    God:    Ru [**....]
Gold:   441        SH: 10    Dex: 12    Spells: 8/8 levels left

rFire    . . .     SeeInvis .   a - +1 war axe
rCold    . . .     Faith    +   c - +0 kite shield
rNeg     . . .     Spirit   .   h - +1 plate armour
rPois    .         Reflect  .   (no helmet)
rElec    .         Harm     .   (no cloak)
rCorr    .         Rampage  .   E - +1 pair of gloves
MR       +....                  (no boots)
Stlth    ..........             B - amulet of faith
HPRegen  0.00/turn              (no ring)
MPRegen  0.08/turn              (no ring)

@: non-regenerating
A: damage resistance, heal wounds, hooves 1, frail 1, sense surroundings 2,
strong 1, no regeneration
a: Heal Wounds, Renounce Religion


You were on level 8 of the Dungeon.
You worshipped Ru.
Ru was pleased with you.
You visited 2 branches of the dungeon, and saw 9 of its levels.

You collected 441 gold pieces.


Innate Abilities, Weirdness & Mutations

You are resistant to damage.
You can heal yourself by infusing magical energy.
You are frail. (-10% HP)
You passively map the area around you.
You do not regenerate.
You have large cloven feet.
Your muscles are strong. (Str +2)


   Skills:
 - Level 3.2 Fighting
 + Level 10.6 Axes
 + Level 10.7 Armour
 - Level 3.2 Shields


You had 8 spell levels left.
You didn't know any spells.
Your spell library contained the following spells:

 Spells                   Type           Power        Failure   Level
 Beastly Appendage        Tmut           #.....       100%        1
 Wereblood                Tmut           #.......     100%        2
 Spider Form              Tmut/Pois      #.........   100%        3
 Ice Form                 Ice/Tmut       #.......     100%        4
 Blade Hands              Tmut           #.........   100%        5

Inventory:

Hand Weapons
 a - a +1 war axe (weapon)
Missiles
 m - 5 poisoned darts (quivered)
Armour
 b - a +0 scale mail
 c - a +0 kite shield (worn)
 h - a +1 plate armour (worn)
 E - a +1 pair of gloves (worn)
Jewellery
 r - an uncursed ring of fire
 B - an amulet of faith (around neck)
Wands
 s - a wand of iceblast (2)
Scrolls
 g - 7 scrolls of identify {@r1}
 i - 2 scrolls of remove curse
 l - a scroll of enchant armour
 w - 2 scrolls of teleportation {@r4}
 x - a scroll of magic mapping
Potions
 d - 5 potions of might
 e - a potion of mutation {!q}
 f - 3 potions of curing {@q1}
 j - 2 potions of lignification {!q}
 k - a potion of haste {@q3}
 p - a potion of heal wounds {unknown}
 q - a potion of cancellation {unknown}
 t - a potion of flight {unknown}
 z - 2 potions of stabbing {unknown}
 A - a potion of brilliance {unknown}
 D - a potion of resistance {unknown}

Dungeon Overview and Level Annotations

Branches:
Dungeon (8/15)             Temple (1/1) D:5
   Lair: D:8-11

Altars:
Ashenzari
Cheibriados
Dithmenos
Elyvilon
Fedhas
Gozag
Hepliaklqana
Kikubaaqudgha
Makhleb
Nemelex Xobeh
Okawaru
Qazlal
Ru
Sif Muna
Trog
Uskayaw
Vehumet
Wu Jian
Xom
Yredelemnul
Zin
The Shining One

Annotations:
D:5 Grinder
D:7 3 runed translucent doors, XO4YCPATb's ghost, weakling TrDe

▒▒▒▒▒▒▒▒▒▒▒▒▒▒▒▒
▒............... ▒▒▒▒▒▒▒
▒.....▒▒▒▒▒▒▒▒▒▒ ░
.......▒▒▒.....▒▒▒▒▒▒▒▒▒▒
,
+......OBg+.......>▒▒.....
..♣...O▒▒....▒▒▒▒▒▒.▒▒▒▒ ,
, .........▒....▒▒▒▒ ▒.▒ ,
.................▒ ▒.▒ ,
....(............▒▒▒.▒ ,,
,, ,...(.................▒
, ,.............▒▒▒.▒▒▒▒▒
░ ,, ,,.............▒
▒.▒▒▒ ,░ , ,
(▒▒▒▒........▒▒▒...▒


You could see a two-headed ogre (very poisoned), an ogre and a giant cockroach.


Message History

A giant cockroach comes into view.
Throwing (i - inventory)
m - 8 poisoned darts (quivered)
Aim: a two-headed ogre, wielding a +0 giant club and a +0 giant spiked club (poisoned)
You throw a poisoned dart.
The poisoned dart closely misses the two-headed ogre.
The ogre shouts!
Throwing (i - inventory)
m - 7 poisoned darts (quivered)
Aim: a two-headed ogre, wielding a +0 giant club and a +0 giant spiked club (poisoned)
You throw a poisoned dart.
The poisoned dart hits the two-headed ogre.
The two-headed ogre looks even sicker.
Throwing (i - inventory)
m - 6 poisoned darts (quivered)
Aim: a two-headed ogre, wielding a +0 giant club and a +0 giant spiked club (lightly wounded, very poisoned)
You throw a poisoned dart.
The poisoned dart hits the two-headed ogre.
The two-headed ogre looks even sicker.
The two-headed ogre is lightly wounded.
a - a +1 war axe (weapon)
You hit the two-headed ogre.
You kick the two-headed ogre, but do no damage.
The two-headed ogre is lightly wounded.
The two-headed ogre hits you with a +0 giant club!
* * * LOW HITPOINT WARNING * * *
The two-headed ogre hits you with a +0 giant spiked club!
* * * LOW HITPOINT WARNING * * *
You hit the two-headed ogre but do no damage.
The two-headed ogre is lightly wounded.
An ogre opens the door.
The two-headed ogre hits you with a +0 giant club!!
You die...

Action                   |  1- 3 |  4- 6 |  7- 9 || total
-------------------------+-------+-------+-------++-------
Melee: War axe           |   108 |   163 |   327 ||   598
       Kick              |       |       |    47 ||    47
Throw: Dart              |       |       |     4 ||     4
Invok: Sacrifice Health  |       |       |     1 ||     1
 Abil: Heal Wounds       |     1 |     4 |    17 ||    22
Evoke: Wand              |       |       |     4 ||     4
  Use: Potion            |       |     1 |     4 ||     5
       Scroll            |       |       |    11 ||    11
Armor: Scale mail        |    45 |    18 |       ||    63
       Plate armour      |       |    61 |   169 ||   230
       Skin              |       |       |    10 ||    10
Dodge: Dodged            |    26 |    33 |    60 ||   119
Block: Kite shield       |    57 |    81 |   180 ||   318

Levels and vault maps discovered:
D:1:      minmay_arrival_five_plusses, layout_basic, st_stairs_13,
          minmay_misc_feat_secret_circle
D:2:      layout_basic, serial_undead, serial_undead_a, serial_undead_a,
          serial_undead_e, serial_undead_a, minmay_fractal_squares_5
D:3:      kennysheep_big_flooded_room, layout_rooms, serial_rivers,
          chequers_serial_rivers_micro_e, chequers_serial_rivers_marsh,
          chequers_serial_rivers_micro_b, chequers_serial_rivers_micro_d,
          chequers_ecumenical_altar_grove, hangedman_glass_garden,
          nemelex_xobeh_ov_fountains_minmay
D:4:      cheibrodos_helix_gallery, layout_basic, kennysheep_mini_moat,
          minmay_circle_x, uniq_duvessa, uniq_ijyb, uniq_sigmund
D:5:      layout_loops_ring, minmay_temple_entry_offerings, basic_altar,
          hangedman_decor_growths, corexii_shack, guppyfry_early_orc_mine,
          uniq_grinder
D:6:      layout_rooms, zaba_anthole, uniq_pikel
D:7:      layout_loops_ring, gammafunk_ghost_split
D:8:      layout_basic, kennysheep_decorative_pillar, st_stairs_8, uniq_maurice
Temple:   grunt_wide_crystal_templ

Notes
Turn   | Place    | Note
-------+----------+-------------------------------------------
     0 | D:1      | gbos the Deep Dwarf Fighter began the quest for the Orb.
     0 | D:1      | Reached XP level 1. HP: 20/20 MP: 1/1
   162 | D:1      | Reached skill level 3 in Fighting
   172 | D:1      | Reached XP level 2. HP: 25/28 MP: 2/2
   350 | D:1      | Reached skill level 3 in Axes
   950 | D:2      | Reached XP level 3. HP: 24/34 MP: 3/3
  1043 | D:2      | HP: 10/34 [quokka zombie (1)]
  1059 | D:2      | HP: 9/34 [adder (1)]
  1086 | D:2      | HP: 6/34 [worm (3)]
  1091 | D:2      | HP: 2/34 [worm (4)]
  1099 | D:2      | Reached XP level 4. HP: 35/42 MP: 4/4
  1213 | D:2      | Reached skill level 4 in Armour
  1307 | D:2      | Reached skill level 4 in Axes
  1480 | D:4      | Noticed an ogre
  1519 | D:3      | Killed an ogre
  1519 | D:3      | Reached skill level 5 in Armour
  1519 | D:3      | Reached XP level 5. HP: 15/49 MP: 5/5
  1544 | D:3      | HP: 11/49 [orc wizard/magic dart (6)]
  1549 | D:3      | Reached skill level 5 in Axes
  1550 | D:3      | Reached XP level 6. HP: 24/56 MP: 6/6
  1629 | D:3      | Found a faded altar of an unknown god.
  1655 | D:3      | Found a sparkling altar of Nemelex Xobeh.
  2382 | D:4      | Identified a +2 robe of resistance
  2382 | D:4      | Noticed Sigmund
  2387 | D:4      | Noticed Ijyb
  2392 | D:4      | Killed Ijyb
  2394 | D:4      | Killed Sigmund
  2394 | D:4      | Reached skill level 6 in Axes
  2394 | D:4      | Reached skill level 6 in Armour
  2394 | D:4      | Reached XP level 7. HP: 20/62 MP: 6/6
  2395 | D:4      | HP: 17/62 [gnoll shaman/+0 club (3)]
  2420 | D:4      | Noticed Dowan
  2421 | D:4      | Noticed Duvessa
  2428 | D:4      | HP: 15/62 [Duvessa/+3 short sword of electrocution (18)]
  2429 | D:4      | HP: 5/62 [Duvessa/+3 short sword of electrocution (8)]
  2433 | D:4      | Killed Dowan
  2435 | D:4      | HP: 15/62 [Duvessa/+3 short sword of electrocution (11)]
  2448 | D:4      | Killed Duvessa
  2640 | D:4      | Reached skill level 7 in Axes
  2640 | D:4      | Reached skill level 7 in Armour
  2675 | D:4      | Found a snail-covered altar of Cheibriados.
  2940 | D:5      | Entered Level 5 of the Dungeon
  2940 | D:5      | Found a staircase to the Ecumenical Temple.
  2962 | Temple   | Entered the Ecumenical Temple
  3024 | Temple   | Became a worshipper of Ru the Awakened
  3095 | D:5      | Reached XP level 8. HP: 36/69 MP: 7/7
  3176 | D:5      | HP: 18/69 [ogre/+0 giant club (8)]
  3178 | D:5      | Reached skill level 8 in Axes
  3178 | D:5      | Reached skill level 8 in Armour
  3187 | D:5      | Noticed Grinder
  3225 | D:5      | HP: 18/69 [poisoned by a wight]
  3277 | D:5      | Gained mutation: You are robust. (+10% HP) [potion of
                  | mutation]
  3277 | D:5      | Gained mutation: You have large cloven feet. [potion of
                  | mutation]
  3277 | D:5      | Lost mutation: You are robust. (+10% HP) [potion of
                  | mutation]
  3277 | D:5      | Gained mutation: Your muscles are strong. (Str +2) [potion
                  | of mutation]
  3291 | D:5      | HP: 20/69 [ogre/+0 giant club (3)]
  3443 | D:5      | Found a shimmering altar of Xom.
  3469 | D:5      | HP: 18/69 [orc warrior/+0 halberd (13)]
  3476 | D:5      | HP: 19/69 [orc warrior/+0 halberd (5)]
  3482 | D:5      | HP: 3/69 [orc warrior/+0 halberd (8)]
  3494 | D:5      | Reached skill level 9 in Axes
  3494 | D:5      | Reached skill level 9 in Armour
  3782 | D:6      | Gained mutation: You passively map the area around you.
                  | [Deep Dwarf growth]
  3782 | D:6      | Reached XP level 9. HP: 34/76 MP: 4/4
  3951 | D:6      | Gained mutation: You are frail. (-10% HP) [Ru sacrifice]
  3951 | D:6      | Reached * piety under Ru
  3951 | D:6      | Reached ** piety under Ru
  3954 | D:6      | Noticed Pikel
  3978 | D:6      | Killed Pikel
  3978 | D:6      | Reached skill level 10 in Axes
  3978 | D:6      | Reached skill level 10 in Armour
  4310 | D:7      | HP: 10/68 [orc priest/divine providence (15)]
  4585 | D:7      | Found a runed translucent gate.
  4587 | D:7      | Found a runed translucent gate.
  4587 | D:7      | Found a runed translucent gate.
  4587 | D:7      | Noticed XO4YCPATb's ghost (weakling TrDe)
  4895 | D:8      | Noticed a two-headed ogre
  4903 | D:8      | HP: 20/68 [two-headed ogre/+0 giant club (10)]
  4904 | D:8      | Slain by a two-headed ogre

Vanquished Creatures
  Pikel (D:6)
  Sigmund (D:4)
  Duvessa (D:4)
  2 orc warriors
  6 ogres
  A centaur (D:6)
  A lemure (D:6)
  2 bullfrogs (D:6)
  A wyvern skeleton (D:7)
  Dowan (D:4)
  7 wights
  A jelly (D:6)
  A gnoll shaman (D:4)
  7 orc priests
  5 hounds
  2 iguanas
  Ijyb (D:4)
  4 orc wizards
  9 worker ants
  A hound skeleton (D:2)
  4 gnolls (D:4)
  10 adders
  A white imp (D:5)
  An ufetubus (D:5)
  2 oozes
  An adder zombie (D:2)
  2 adder skeletons
  A worm (D:2)
  3 dart slugs
  7 leopard geckos
  21 orcs
  3 bats
  A bat skeleton (D:2)
  3 giant cockroaches
  6 goblins
  10 hobgoblins
  4 jackals (D:3)
  7 quokkas
  3 frilled lizards
  2 giant cockroach zombies
  A jackal skeleton (D:4)
  A jackal zombie (D:2)
  7 kobolds
  A leopard gecko skeleton (D:2)
  A quokka zombie (D:2)
  A rat (D:3)
159 creatures vanquished.

Vanquished Creatures (others)
  4 plants
4 creatures vanquished.

Grand Total: 163 creatures vanquished
